 Dungeon Crawl Stone Soup version 0.26.1-11-gd32895ea62 (webtiles) character file.

Game seed: 11241075994256658086

107 seveneves the Shield-Bearer (level 4, -3/40 HPs)
             Began as a Minotaur Fighter on July 22, 2021.
             Slain by an orc warrior
             ... wielding a +0 hand axe
              (6 damage)
             ... on level 3 of the Dungeon.
             The game lasted 00:05:38 (1691 turns).

seveneves the Shield-Bearer (Minotaur Fighter)      Turns: 1691, Time: 00:05:39

Health: -3/40      AC:  7    Str: 21    XL:     4   Next: 56%
Magic:  3/3        EV:  8    Int:  5    God:
Gold:   70         SH:  0    Dex: 10    Spells: 3/3 levels left

rFire    . . .     SeeInvis .   a - +0 long sword
rCold    . . .     Faith    .   c - +0 kite shield
rNeg     . . .     Spirit   .   b - +0 scale mail
rPois    .         Reflect  .   (helmet restricted)
rElec    .         Harm     .   (no cloak)
rCorr    .         Rampage  .   (no gloves)
Will     .....                  (no boots)
Stlth    ..........             (no amulet)
HPRegen  0.13/turn              (no ring)
MPRegen  0.08/turn              (no ring)

@: confused, brilliant, berserk cooldown, slowed, very slow
A: retaliatory headbutt, horns 2
a: no special abilities


You were on level 3 of the Dungeon.
You visited 1 branch of the dungeon, and saw 3 of its levels.

You collected 70 gold pieces.

Inventory:

Hand Weapons
 a - a +0 long sword (weapon)
Armour
 b - a +0 scale mail (worn)
 c - a +0 kite shield (worn)
 f - a +0 pair of boots
Wands
 d - a wand of acid (4)
Scrolls
 g - a scroll of teleportation {unknown}
 j - 4 scrolls of identify {unknown}
 m - a scroll of remove curse {unknown}
 o - a scroll of fog {unknown}
 p - a scroll of fear {unknown}
 q - a scroll of magic mapping {unknown}
 r - a scroll of random uselessness {unknown}
Potions
 e - a potion of brilliance
 h - a potion of curing


   Skills:
 + Level 4.0 Fighting
 + Level 3.4 Long Blades
 + Level 4.6 Armour
 + Level 0.7 Dodging
 + Level 4.8 Shields


You had 3 spell levels left.
You didn't know any spells.
Your spell library contained the following spells:

 Spells                   Type           Power        Failure   Level
 Confusing Touch          Hex            0%           100%        3
 Gell's Gravitas          Tloc           0%           100%        3
 Petrify                  Tmut/Erth      0%           100%        4
 Metabolic Englaciation   Hex/Ice        0%           100%        5
 Yara's Violent Unravell  Hex/Tmut       0%           100%        5


Dungeon Overview and Level Annotations

Branches:
Dungeon (3/15)

Altars:
Okawaru
Trog
Zin

Shops:
D:3 *


Innate Abilities, Weirdness & Mutations

You reflexively headbutt those who attack you in melee.
You have a pair of horns on your head.


Message History

You kill the goblin!
The rat barely misses you. You furiously retaliate!
You headbutt the rat!
You kill the rat!
The orc warrior hits you with a +0 hand axe.
* * * LOW HITPOINT WARNING * * *
The orc warrior hits you with a +0 hand axe!
* * * LOW HITPOINT WARNING * * *
Unknown command.
You closely miss the orc warrior.
The orc warrior is lightly wounded.
You block the orc's attack.
The orc wizard gestures at you while chanting.
You are confused.
The orc warrior barely misses you. The orc closely misses you.
The orc wizard hits you but does no damage.
Unknown command.
You hit the orc warrior.
The orc warrior is moderately wounded.
The orc warrior hits you with a +0 hand axe.
You die...

#.##. .. .....####.
....#..#. ....... ..#
#..... #. ..# ....#
#... #.# #oo# #...#
#.####+##o@# #...#
#.##....#..#
#...###.##....#..#
#................#
#.....(......###.####
#....#...####.......#
#.....##.####..#'##.#
'.....+.............#
#.....##.##.........#


You could see an orc warrior, an orc wizard and an orc.

Vanquished Creatures
  Ijyb (D:3)
  A worker ant zombie (D:2)
  A gnoll (D:1)
  An adder (D:2)
  An adder zombie (D:2)
  A worm (D:2)
  7 bats
  A bat skeleton (D:2)
  3 giant cockroaches
  9 goblins
  2 hobgoblins
  A quokka (D:2)
  A ball python skeleton (D:2)
  9 frilled lizards
  2 giant cockroach zombies (D:2)
  4 kobolds
  6 rats
51 creatures vanquished.

Notes
Turn   | Place    | Note
-------+----------+-------------------------------------------
     0 | D:1      | seveneves the Minotaur Fighter began the quest for the Orb.
     0 | D:1      | Reached XP level 1. HP: 19/19 MP: 0/0
   355 | D:1      | Reached XP level 2. HP: 27/27 MP: 1/1
   500 | D:1      | Reached XP level 3. HP: 22/33 MP: 2/2
  1065 | D:2      | Found a bloodstained altar of Trog.
  1218 | D:2      | Reached XP level 4. HP: 35/40 MP: 3/3
  1358 | D:2      | Found an iron altar of Okawaru.
  1602 | D:3      | Found Zin's Purification Station.
  1603 | D:3      | Found a glowing silver altar of Zin.
  1620 | D:3      | Noticed Ijyb
  1633 | D:3      | Killed Ijyb
  1685 | D:3      | Noticed an orc warrior
  1689 | D:3      | HP: 2/40 [orc warrior/+0 hand axe (10)]
  1691 | D:3      | Slain by an orc warrior

Illustrated notes

Levels and vault maps discovered:
D:1:      erik_arrival_cave_to_civilisation [erik_arrival_cave_to_hall],
          layout_basic, minmay_tetromino_i4
D:2:      layout_rooms, old_standard_altar, serial_undead, serial_undead_c,
          serial_undead_f, serial_undead_c, serial_undead_e, serial_undead_f,
          serial_undead_b, okawaru_gym_becter
D:3:      layout_basic, zin_purify, uniq_ijyb

Skill      XL: |  1  2  3 |
---------------+----------+-----
Armour         | 4 |  4.6
Shields        | 4 |  4.8
Long Blades    | 3 |  3.4
Fighting       | 4 |  4.0
Dodging        | |  0.7

Action                   |  1- 3 |  4- 6 || total
-------------------------+-------+-------++-------
Melee: Long sword        |   103 |    20 ||   123
       Headbutt          |    13 |     3 ||    16
  Use: Potion            |       |     7 ||     7
Armor: Scale mail        |    60 |    11 ||    71
Dodge: Dodged            |    34 |    12 ||    46
Block: Kite shield       |    69 |     9 ||    78
       Rpst.: Long sword |     7 |     2 ||     9
